 Dungeon Crawl Stone Soup version 0.29.1-13-g9f3cf754e1 (webtiles) character file.

Game seed: 10045252539577035487

141667 unlimited1921 the Eclecticist (level 17, 0/99 HPs)
             Began as a Djinni Fire Elementalist on Jan 19, 2023.
             Was the Champion of Fedhas.
             Slain by an earth elemental (31 damage)
             ... on level 3 of the Abyss on Jan 20, 2023.
             The game lasted 05:31:13 (42613 turns).

unlimited1921 the Eclecticist (DjFE)               Turns: 42613, Time: 05:31:14

Health: 0/99       AC:  7    Str:  3    XL:     17   Next: 94%
Gold:   1867       EV: 19    Int: 25    God:    Fedhas [******] SH: 13 Dex: 23

rFire   + + .      SeeInvis .   w - +2 trident (distort)
rCold   x . .      Faith    .   W - +2 buckler {reflect}
rNeg    . . .      Spirit   .   N - +3 robe "Yrubyej" {Regen+ Str-4 Dex+5 Slay+3}
rPois   ∞          Reflect  +   (no helmet)
rElec   .          Harm     +   u - scarf {harm}
rCorr   .          Rampage  .   O - +2 pair of gloves
Will    +....                   (boots unavailable)
Stlth   ++++......              s - amulet of the acrobat
HPRegen 1.06/turn               e - +6 ring of intelligence
MPRegen 0.00/turn               q - +6 ring of dexterity

@: flying, very slightly contaminated, unable to drink
A: sickness immunity, fire resistance 2, cold vulnerability 1, float, innate
caster, HP casting, extra vitality 1, large bone plates 1, clumsy 2, deformed
body, frail 1, no potion heal 1, inability to drink after injury 2, [dopey 2],
[screaming 2], [subdued magic 2]
a: Renounce Religion, Wall of Briars, Grow Ballistomycete, Overgrow, Grow Oklob


You were on level 3 of the Abyss.
You worshipped Fedhas.
Fedhas was exalted by your worship.
You visited 4 branches of the dungeon, and saw 25 of its levels.
You visited the Abyss 1 time.
You also visited: Bailey.

You collected 2023 gold pieces.
You spent 156 gold pieces at shops.

Inventory:

Hand Weapons
 g - the +8 whip "Snakebite" {venom, curare, rPois}
   (You found it on level 3 of the Lair of Beasts)

   It poisons the flesh of those it strikes.
   It occasionally inflicts asphyxiating poison on those it strikes, dealing
   poison damage and causing slowness.
   rPois:     It protects you from poison.
 n - a +1 short sword of protection
 w - a +2 trident of distortion (weapon)
 A - a +5 hand axe of freezing
 B - a +1 dagger of electrocution
 L - the +3 dagger of Syxt {distort, rF+ Int+3 SInv}
   (You found it on level 14 of the Dungeon)

   It warps and distorts space around it, and may blink, banish, or inflict
   extra damage upon those it strikes.
   Unwielding it can cause banishment or high damage.
   Int:       It affects your intelligence (+3).
   rF:        It protects you from fire.
   SInv:      It lets you see invisible.
 Q - a +3 trident of venom
Missiles
 C - 3 silver boomerangs
Armour
 o - a +0 kite shield
 u - a scarf of harm (worn)
 y - +0 acid dragon scales
 N - the +3 robe "Yrubyej" (worn) {Regen+ Str-4 Dex+5 Slay+3}
   (You found it on level 7 of the Dungeon)

   Str:       It affects your strength (-4).
   Dex:       It affects your dexterity (+5).
   Slay:      It affects your accuracy & damage with ranged weapons and melee
   (+3).
   Regen:     It increases your rate of health regeneration.
 O - a +2 pair of gloves (worn)
 P - +0 shadow dragon scales
 R - a +0 helmet
 U - a +1 robe of resistance
 W - a +2 buckler of reflection (worn)
 Y - the +0 chain mail of Vehumet's Envy {rC++ Int+4}
   (You found it on level 1 of the Lair of Beasts)

   Int:       It affects your intelligence (+4).
   rC:        It greatly protects you from cold.
Jewellery
 e - a +6 ring of intelligence (left hand)
 q - a +6 ring of dexterity (right hand)
 s - an amulet of the acrobat (around neck)
 G - a ring of willpower
 H - a ring of protection from cold
 K - a +4 ring of evasion
 Z - a ring of positive energy
Wands
 a - a wand of flame (89)
 d - a wand of digging (16)
 j - a wand of paralysis (11)
 E - a wand of quicksilver (15) (quivered)
 S - a wand of polymorph (4)
 X - a wand of roots (9)
Scrolls
 b - 7 scrolls of teleportation
 m - 3 scrolls of magic mapping
 r - 5 scrolls of fear
 t - 2 scrolls of blinking
 x - 2 scrolls of butterflies
 D - 2 scrolls of identify
 F - 2 scrolls of poison
 I - 5 scrolls of enchant weapon
 M - 2 scrolls of enchant armour
Potions
 c - 4 potions of ambrosia
 f - 2 potions of heal wounds
 i - 3 potions of curing
 k - 4 potions of brilliance
 l - 3 potions of berserk rage
 p - 2 potions of invisibility
 v - 5 potions of might
 z - 6 potions of lignification
Miscellaneous
 h - a box of beasts
 J - a phantom mirror


   Skills:
 + Level 6.6 Fighting
 + Level 4.7 Polearms
 + Level 5.7 Armour
 + Level 9.0 Dodging
 + Level 7.3 Stealth
 + Level 7.6 Shields
 + Level 0.2 Unarmed Combat
 + Level 19.5 Spellcasting
 + Level 5.4 Invocations
 + Level 0.7 Evocations


You had 10 spell levels left.
You knew the following spells:

 Your Spells              Type           Power      Damage    Failure   Level
a - Foxfire               Conj/Fire      100%       2x1d9     0%          1
b - Scorch                Fire           100%       2d10      0%          2
c - Conjure Flame         Conj/Fire      66%        6-21      0%          3
d - Inner Flame           Hex/Fire       66%        N/A       0%          3
e - Flame Wave            Conj/Fire      66%        2d15      0%          4
f - Apportation           Tloc           100%       N/A       0%          1
g - Call Imp              Summ           66%        N/A       0%          2
h - Stone Arrow           Conj/Erth      100%       3d13      0%          3
i - Portal Projectile     Hex/Tloc       100%       N/A       0%          3
j - Irradiate             Conj/Tmut      33%        3d22      0%          5
k - Agony                 Necr           66%        N/A       0%          5
l - Conjure Ball Lightni  Conj/Air       33%        3x3d11    1%          6
m - Dragon Form           Tmut           33%        N/A       1%          7
Your spell library was empty.

Dungeon Overview and Level Annotations

Branches:
Dungeon (15/15)            Temple (0/1) D:5            Lair (5/5) D:8
  Swamp (4/4) Lair:3       Spider (0/4) Lair:2        Slime (1/5) Lair:4
    Orc (0/2) D:11         Vaults (0/5) D:14         Bailey (visited)
 Depths: D:15

Altars:
Cheibriados
Elyvilon
Fedhas
Gozag
Hepliaklqana
Makhleb
Okawaru
Qazlal
Ru
Trog
Wu Jian
Xom
Yredelemnul

Shops:
D:3 (   D:9 *   D:13 [

Annotations:
Swamp:3 Nikola
Swamp:4 Lernaean hydra


Innate Abilities, Weirdness & Mutations

You are immune to sickness and miasma.
You are immune to poison.
Your flesh is very heat resistant. (rF++)
You are vulnerable to cold. (rC-)
You float through the air rather than walking.
You learn spells naturally, not from books.
Your magical power is your life essence.
You have superior vitality. (+4 MHP)
You are partially covered in large bone plates. (SH +4)
You are very clumsy. (Dex -4)
Armour fits poorly on your strangely shaped body.
You are frail. (-10% HP)
Potions are less effective at restoring your health.
You sometimes lose the ability to drink potions when taking damage.
[You are very dopey. (Int -4)]
[You frequently scream uncontrollably at your foes.]
[Your spells are easier to cast, but less powerful.]


Message History

Flames lash the earth elemental but do no damage.
Unknown command.
Press: ? - help, v - describe, . - travel
Here: a wretched star (lava) Some lava.
Press: ? - help, v - describe, . - travel
Here: a basilisk (inner flame)
The floor.
Unknown command.
You feel clever all of a sudden. The earth elemental barely misses you.
The wretched star pulses with an eldritch light!
Your connection to magic feels subdued.
Your connection to magic feels more subdued.
Your magical effects are unravelling.
You feel magically purged.
Your magical contamination has completely faded away.
You feel a little less clever now.
The wretched star glows turbulently.
The lance of force hits you!!
You are knocked back by the lance of force.
You slam into the stone wall!
You feel threatened and lose the ability to drink potions!
You block the earth elemental's attack.
As you read the scroll of fear, it crumbles to dust.
You assume a fearsome visage.
The basilisk looks frightened!
The earth elemental is unaffected.
The wretched star is unaffected.
A starcursed mass comes into view.
Casting: Scorch (safe; 0% risk of failure)
Confirm with . or Enter, or press ? or * to list all spells.
You erupt in a fountain of uncontrolled magic!
The wretched star is blasted with magical radiation!!!
You destroy the wretched star!
Fedhas accepts your kill.
The earth elemental is blasted with magical radiation!
The earth elemental is moderately damaged.
You are very lightly contaminated with residual magic.
The earth elemental hits you!!
You die...
Fedhas appreciates your contribution to the ecosystem.

. # #+ φ .
##l #### # #
# #E# . # #
#@###⌠#⌠#⌠#⌠
. #.††≈≈≈≈≈
≈≈ ≈
#+###X#⌠#⌠ ⌠
#§# # # # #.


You could see a starcursed mass, an earth elemental and a basilisk (inner flame,
fleeing).

Vanquished Creatures
  A shard shrike zombie (Abyss:3)
  A tentacled monstrosity (Swamp:3)
  4 fenstrider witches
  An orc warlord (Bailey)
  6 eleionomae
  3 bunyips
  18 hydras
  6 boulder beetles
  Erica (D:8)
  9 alligators
  7 two-headed ogres
  An ogre mage (D:15)
  4 catoblepae
  3 merfolk aquamancers (D:12)
  A tengu warrior (D:14)
  9 centaur warriors
  11 death yaks
  9 spriggans
  A wretched star (Abyss:3)
  4 swamp dragons
  3 goliath frogs
  3 spriggan druids
  2 bog bodies
  A lindwurm (Lair:2)
  4 necromancers
  Pikel (D:9)
  2 deep elf pyromancers
  17 ugly things (D:14)
  5 cyclopes
  5 manticores
  An orc sorcerer (D:15)
  6 slime creatures
  2 water nymphs (D:12)
  3 will-o-the-wisps
  A moth of wrath (D:14)
  An ice statue (D:11)
  A torpor snail (Lair:5)
  2 black mambas
  11 cane toads
  5 komodo dragons
  2 kobold demonologists (D:13)
  4 rime drakes
  A queen bee (D:9)
  A bloated husk (Swamp:1)
  3 meliai (D:14)
  3 catoblepas skeletons (Abyss:3)
  3 polar bears
  9 tyrant leeches
  A tarantella (Lair:2)
  3 trolls
  8 hornets
  7 blink frogs
  13 dream sheep (Lair:5)
  Eustachio (D:5)
  A vampire (Abyss:3)
  A centaur simulacrum (D:15)
  71 yaks
  3 shadows
  4 wraiths
  A golden eye (shapeshifter) (D:15)
  2 basilisks
  A neqoxec (Abyss:3)
  3 steam dragons
  27 vampire mosquitoes
  14 swamp worms
  2 acid dragons
  3 swamp drakes (Swamp:4)
  16 water moccasins
  10 orc warriors
  5 sky beasts
  2 black bears
  2 ice beasts
  13 wolves
  An ogre (D:7)
  20 centaurs
  2 lemures (D:9)
  2 phantoms
  3 kobold brigands
  7 bullfrogs
  4 gnoll sergeants
  2 necrophages
  5 earth elementals (Abyss:3)
  9 wights
  30 killer bees
  6 howler monkeys
  An electric eel (D:12)
  The ghost of Lutefisk the Gusty, a weakling TeAE (D:4)
  A quasit (Abyss:3)
  A jelly (D:6)
  4 hounds
  Crazy Yiuf (D:6)
  8 orc priests
  8 orc wizards
  Robin (D:2)
  15 gnolls
  12 adders
  2 shadow imps
  An ufetubus (D:5)
  3 worms
  5 dart slugs
  37 orcs
  7 bats
  7 endoplasms
  4 giant cockroaches
  19 goblins
  21 hobgoblins
  4 quokkas
  11 ball pythons
  34 kobolds
  9 rats
  A butterfly (Lair:4)
725 creatures vanquished.

Vanquished Creatures (collateral kills)
  An eleionoma (Swamp:2)
  A hydra (Swamp:4)
  A swamp dragon (Swamp:4)
  A hornet (Swamp:1)
  A troll (D:12)
  The ghost of RapScallion the Covered, an amateur HuFi (D:4)
  The ghost of Wentworth the Insei, an amateur OpTm (D:4)
  An ogre (D:15)
  An orc (D:7)
9 creatures vanquished.

Vanquished Creatures (others)
  A thorn hunter (Swamp:4)
  2 bunyips
  A shambling mangrove (Swamp:4)
  A hydra (Swamp:4)
  2 swamp dragons (Swamp:4)
  A will-o-the-wisp (Swamp:4)
  A rime drake (Swamp:4)
  A bloated husk (Swamp:4)
  3 hornets (Swamp:4)
  A small abomination (Abyss:3)
  A swamp drake (Swamp:4)
  10 ball lightnings
  1851 foxfires
  23 fungi
  36 plants
1935 creatures vanquished.

Grand Total: 2669 creatures vanquished

Notes
Turn   | Place    | Note
-------+----------+-------------------------------------------
     0 | D:1      | unlimited1921 the Djinni Fire Elementalist began the quest
                  | for the Orb.
     0 | D:1      | unlimited1921 set off with the following spells memorised:
                  | Foxfire, Scorch, Conjure Flame, Inner Flame, Flame Wave.
     0 | D:1      | Reached XP level 1. HP: 15/15 MP: 0/0
   171 | D:1      | Reached XP level 2. HP: 14/21 MP: 0/0
  1237 | D:1      | Reached skill level 3 in Spellcasting
  1585 | D:1      | Reached XP level 3. HP: 23/25 MP: 0/0
  1585 | D:1      | Learned a level 1 spell: Apportation
  1606 | D:1      | Found a faded altar of an unknown god.
  3200 | D:2      | Noticed Robin
  3214 | D:2      | Reached XP level 4. HP: 3/31 MP: 0/0
  3214 | D:2      | Killed Robin
  4965 | D:3      | Reached XP level 5. HP: 32/35 MP: 0/0
  4965 | D:3      | Learned a level 2 spell: Call Imp
  4989 | D:3      | Reached skill level 4 in Spellcasting
  5873 | D:3      | Found a snail-covered altar of Cheibriados.
  6371 | D:3      | Found Waast's Weapon Emporium.
  7138 | D:4      | Found a runed translucent gate.
  7139 | D:4      | Found a runed translucent gate.
  7142 | D:4      | Found a runed translucent gate.
  7163 | D:4      | Noticed Wentworth's ghost (amateur OpTm)
  7185 | D:4      | Noticed Lutefisk's ghost (weakling TeAE)
  7185 | D:4      | Noticed RapScallion's ghost (amateur HuFi)
  7334 | D:4      | Found a basalt altar of Yredelemnul.
  7713 | D:4      | Found a blossoming altar of Fedhas.
  7749 | D:4      | Became a worshipper of Fedhas Madash
  7767 | D:4      | Reached XP level 6. HP: 35/40 MP: 0/0
  8022 | D:4      | Found an iron altar of Okawaru.
  9024 | D:5      | Entered Level 5 of the Dungeon
  9154 | D:5      | Found a stormy altar of Qazlal.
  9169 | D:5      | Reached * piety under Fedhas
  9170 | D:5      | Reached skill level 5 in Spellcasting
  9225 | D:5      | Reached XP level 7. HP: 35/45 MP: 0/0
  9225 | D:5      | Learned a level 3 spell: Stone Arrow
  9572 | D:5      | Noticed Eustachio
  9576 | D:5      | Killed Eustachio
  9739 | D:5      | Reached skill level 6 in Spellcasting
  9937 | D:6      | Reached XP level 8. HP: 45/50 MP: 0/0
  9954 | D:6      | Noticed a yak
  9961 | D:6      | Noticed a yak
  9961 | D:6      | Killed a yak
  9964 | D:6      | Noticed a yak
 10272 | D:5      | Reached skill level 7 in Spellcasting
 10668 | D:5      | Found a staircase to the Ecumenical Temple.
 11326 | D:6      | Noticed a yak
 11327 | D:6      | Noticed a yak
 11330 | D:6      | Killed a yak
 11330 | D:6      | Killed a yak
 11330 | D:6      | Killed a yak
 11330 | D:6      | Reached ** piety under Fedhas
 11331 | D:6      | Reached skill level 8 in Spellcasting
 11331 | D:6      | Reached XP level 9. HP: 44/55 MP: 0/0
 11331 | D:6      | Learned a level 3 spell: Portal Projectile
 11539 | D:6      | Reached skill level 9 in Spellcasting
 11822 | D:6      | Found a runed translucent door.
 11823 | D:6      | Noticed Crazy Yiuf
 11830 | D:6      | Killed Crazy Yiuf
 12470 | D:6      | Found a sacrificial altar of Ru.
 12547 | D:7      | Noticed a hornet
 12553 | D:7      | Killed a hornet
 12554 | D:7      | Reached XP level 10. HP: 24/60 MP: 0/0
 12645 | D:7      | Found a flagged portal.
 12649 | Bailey   | Entered a bailey
 13341 | Bailey   | Noticed an orc warlord
 13372 | Bailey   | Reached *** piety under Fedhas
 13509 | Bailey   | Reached skill level 1 in Armour
 13510 | Bailey   | Reached skill level 1 in Polearms
 13757 | Bailey   | Found a runed translucent gate.
 13757 | Bailey   | Found a runed translucent gate.
 13759 | Bailey   | Found a runed translucent gate.
 14066 | Bailey   | Reached skill level 10 in Spellcasting
 14821 | Bailey   | Killed an orc warlord
 14822 | Bailey   | Reached skill level 1 in Fighting
 14822 | Bailey   | Reached skill level 1 in Shields
 14998 | Bailey   | Reached skill level 5 in Stealth
 14998 | Bailey   | Reached XP level 11. HP: 71/71 MP: 0/0
 14998 | Bailey   | Learned a level 5 spell: Irradiate
 15050 | D:7      | Reached skill level 5 in Fighting
 15050 | D:7      | Reached skill level 5 in Armour
 15050 | D:7      | Reached skill level 5 in Shields
 15050 | D:7      | Reached skill level 11 in Spellcasting
 15050 | D:7      | Reached XP level 12. HP: 81/81 MP: 0/0
 15360 | D:7      | Identified the +3 robe "Yrubyej" {Regen+ Str-4 Dex+5
                  | Slay+3}
 16357 | D:8      | Noticed a centaur warrior
 16363 | D:8      | Killed a centaur warrior
 16635 | D:8      | Noticed Erica
 16647 | D:8      | Killed Erica
 16814 | D:8      | Reached XP level 13. HP: 76/85 MP: 0/0
 16814 | D:8      | Learned a level 5 spell: Agony
 16858 | D:8      | Found a staircase to the Lair.
 17001 | D:8      | Found a hazy altar of Hepliaklqana.
 17007 | D:8      | Found a burning altar of Makhleb.
 17010 | D:8      | Found a shimmering altar of Xom.
 17010 | D:8      | Found an ornate altar of the Wu Jian Council.
 17020 | D:8      | Found a white marble altar of Elyvilon.
 17173 | D:8      | Reached **** piety under Fedhas
 17350 | Lair:1   | Entered Level 1 of the Lair of Beasts
 17466 | Lair:1   | Reached skill level 12 in Spellcasting
 17485 | Lair:1   | Noticed a four-headed hydra
 17492 | Lair:1   | Killed a four-headed hydra
 17569 | Lair:1   | Identified the +0 chain mail of Vehumet's Envy {rC++ Int+4}
 18831 | Lair:2   | Found a hole to the Spider Nest.
 18911 | Lair:2   | Reached skill level 13 in Spellcasting
 18962 | Lair:2   | Noticed a seven-headed hydra
 18968 | Lair:2   | Killed a seven-headed hydra
 18975 | Lair:2   | Noticed a boulder beetle
 18981 | Lair:2   | Killed a boulder beetle
 18981 | Lair:2   | Gained mutation: [Your spells are a little easier to cast,
                  | but a little less powerful.] [mutagenic glow]
 19384 | Lair:2   | Noticed a four-headed hydra
 19394 | Lair:2   | Killed a four-headed hydra
 19827 | Lair:3   | Found a staircase to the Swamp.
 19859 | Lair:3   | Reached ***** piety under Fedhas
 19972 | Lair:3   | Found the +8 whip "Snakebite" {venom, curare, rPois}
 20841 | Lair:4   | Reached XP level 14. HP: 84/92 MP: 0/0
 20951 | Lair:4   | Found a staircase to the Slime Pits.
 21178 | Lair:4   | Reached skill level 14 in Spellcasting
 21449 | Lair:5   | Entered Level 5 of the Lair of Beasts
 21474 | Lair:4   | Gained mutation: You occasionally lose the ability to read
                  | scrolls when taking damage. [mutagenic glow]
 21889 | Lair:5   | Got the Codex of Transmigration
 22004 | Lair:5   | Reached skill level 15 in Spellcasting
 22400 | Lair:5   | Reached ****** piety under Fedhas
 22994 | Lair:5   | Reached XP level 15. HP: 62/96 MP: 0/0
 22994 | Lair:5   | Learned a level 6 spell: Conjure Ball Lightning
 23517 | Slime:1  | Entered Level 1 of the Pits of Slime
 23624 | Swamp:1  | Entered Level 1 of the Swamp
 23697 | Swamp:1  | Reached skill level 16 in Spellcasting
 23709 | Swamp:1  | Reached skill level 5 in Invocations
 23740 | Swamp:1  | Upgraded the game from 0.29.1-12-g30fa7ad0bf to
                  | 0.29.1-13-g9f3cf754e1
 24356 | Swamp:1  | Gained mutation: You sometimes lose the ability to read
                  | scrolls when taking damage. [mutagenic glow]
 24730 | Swamp:1  | Lost strength.
 31326 | Swamp:1  | Glimpsed the power of Zot.
 31355 | Swamp:2  | You are sucked into a shaft and drop 1 floor!
 31413 | Swamp:3  | Gained mutation: [Your spells are easier to cast, but less
                  | powerful.] [mutagenic glow]
 31649 | Swamp:3  | Noticed a tentacled monstrosity
 31659 | Swamp:3  | Killed a tentacled monstrosity
 32054 | Swamp:2  | Reached skill level 17 in Spellcasting
 32156 | Swamp:2  | Gained mutation: [You occasionally shout uncontrollably at
                  | your foes.] [mutagenic glow]
 32248 | Swamp:2  | Noticed a fenstrider witch
 32254 | Swamp:2  | Killed a fenstrider witch
 32356 | Swamp:2  | Reached XP level 16. HP: 91/103 MP: 0/0
 32430 | Swamp:2  | Noticed a fenstrider witch
 32440 | Swamp:2  | Killed a fenstrider witch
 33024 | Swamp:3  | Noticed Nikola
 33240 | Swamp:4  | Entered Level 4 of the Swamp
 33256 | Swamp:4  | Noticed a fenstrider witch
 33264 | Swamp:3  | Killed a fenstrider witch
 33271 | Swamp:3  | Gained mutation: You are clumsy. (Dex -2) [mutagenic glow]
 33342 | Swamp:4  | Noticed a fenstrider witch
 33357 | Swamp:3  | Killed a fenstrider witch
 33803 | Swamp:4  | Killed a thorn hunter
 33920 | Swamp:4  | Noticed the 27-headed Lernaean hydra
 34010 | Swamp:4  | Reached skill level 18 in Spellcasting
 34299 | Swamp:4  | HP: 3/103 [the 27-headed Lernaean hydra (10)]
 34717 | D:4      | Killed Lutefisk's ghost
 34721 | D:4      | Killed RapScallion's ghost
 34724 | D:4      | Killed Wentworth's ghost
 35160 | D:9      | Found Pecve's General Store.
 35173 | D:9      | Bought a wand of paralysis (5) for 156 gold pieces
 35502 | D:9      | Noticed Pikel
 35512 | D:9      | Killed Pikel
 35744 | D:10     | Entered Level 10 of the Dungeon
 37503 | D:11     | Found a staircase to the Orcish Mines.
 38604 | D:12     | Lost mutation: You sometimes lose the ability to read
                  | scrolls when taking damage. [potion of mutation]
 38604 | D:12     | Lost mutation: You are clumsy. (Dex -2) [potion of
                  | mutation]
 38604 | D:12     | Lost mutation: [Your spells are easier to cast, but less
                  | powerful.] [potion of mutation]
 38604 | D:12     | Gained mutation: You have a pair of small antennae on your
                  | head. [potion of mutation]
 38604 | D:12     | Gained mutation: You expend health (3 HP) to strengthen
                  | your wands. [potion of mutation]
 38610 | D:12     | Lost mutation: You have a pair of small antennae on your
                  | head. [potion of mutation]
 38610 | D:12     | Lost mutation: You expend health (3 HP) to strengthen your
                  | wands. [potion of mutation]
 38610 | D:12     | Gained mutation: You are strong-willed. (Will+) [potion of
                  | mutation]
 38610 | D:12     | Gained mutation: You are resistant to electric shocks.
                  | (rElec) [potion of mutation]
 38611 | D:12     | Lost mutation: You occasionally lose the ability to read
                  | scrolls when taking damage. [potion of mutation]
 38611 | D:12     | Lost mutation: You are strong-willed. (Will+) [potion of
                  | mutation]
 38611 | D:12     | Gained mutation: You are weak. (Str -2) [potion of
                  | mutation]
 38611 | D:12     | Gained mutation: You are partially covered in large bone
                  | plates. (SH +4) [potion of mutation]
 38611 | D:12     | Lost mutation: [You occasionally shout uncontrollably at
                  | your foes.] [potion of mutation]
 38612 | D:12     | Lost mutation: You are resistant to electric shocks.
                  | (rElec) [potion of mutation]
 38612 | D:12     | Lost mutation: [Your spells are a little easier to cast,
                  | but a little less powerful.] [potion of mutation]
 38612 | D:12     | Lost mutation: You are weak. (Str -2) [potion of mutation]
 38612 | D:12     | Gained mutation: Armour fits poorly on your strangely
                  | shaped body. [potion of mutation]
 38612 | D:12     | Gained mutation: Potions are less effective at restoring
                  | your health. [potion of mutation]
 38612 | D:12     | Gained mutation: You are somewhat resistant to further
                  | mutation. [potion of mutation]
 38640 | D:12     | Reached XP level 17. HP: 89/109 MP: 0/0
 38640 | D:12     | Learned a level 7 spell: Dragon Form
 39700 | D:13     | Found Kutz's Armour Boutique.
 40479 | D:14     | Found a bloodstained altar of Trog.
 40520 | D:14     | Identified the +3 dagger of Syxt {distort, rF+ Int+3 SInv}
 40844 | D:14     | Gained mutation: You are frail. (-10% HP) [mutagenic glow]
 40909 | D:14     | Reached skill level 19 in Spellcasting
 40992 | D:14     | Found a gate to the Vaults.
 41406 | D:14     | Found an opulent altar of Gozag.
 41583 | D:15     | Entered Level 15 of the Dungeon
 42108 | D:15     | Paralysed by an orc sorcerer for 2 turns
 42228 | Abyss:2  | Cast into level 2 of the Abyss (a wizard)
 42342 | Abyss:3  | Lost mutation: You are somewhat resistant to further
                  | mutation. [mutagenic glow]
 42358 | Abyss:3  | Gained mutation: You occasionally lose the ability to drink
                  | potions when taking damage. [mutagenic glow]
 42384 | Abyss:3  | Gained mutation: You are clumsy. (Dex -2) [mutagenic glow]
 42553 | Abyss:3  | Gained mutation: You sometimes lose the ability to drink
                  | potions when taking damage. [mutagenic glow]
 42573 | Abyss:3  | Gained mutation: You are very clumsy. (Dex -4) [mutagenic
                  | glow]
 42613 | Abyss:3  | Slain by an earth elemental

Illustrated notes

Levels and vault maps discovered:
D:1:      amcnicky_arrival_wind_blow, layout_rooms,
          hellmonk_ecumenical_altar_heavens_door, amethyst_killhole
D:2:      layout_basic, uniq_robin
D:3:      layout_basic, mainiacjoe_overflow_surrounded_room, serial_shops,
          nicolae_shop_hallway_plus, nrook_uturn, minmay_misc_feat_encased
D:4:      layout_basic, okawaru_ov_weapons_minmay,
          mainiacjoe_overflow_large_starburst, gammafunk_ghost_cemetery,
          kennysheep_another_room
D:5:      layout_basic, mainiacjoe_overflow_chevrons,
          minmay_temple_entry_crystal_x, uniq_eustachio
D:6:      layout_rooms, marbit_many_paths, corexii_item_surrounded_by_moat,
          minivault_19, dk_noncrumbling_3, chequers_serial_rivers_small_a,
          uniq_crazy_yiuf_cottage
D:7:      layout_cave_pods, enter_bailey_4
D:8:      wad_guarded_room, layout_basic, nicolae_overflow_hallway_of_the_gods,
          lair_entry_dummy, nicolae_concentric_dashed_squares_mild, uniq_erica
D:9:      layout_roguey, serial_shops, nicolae_shop_window_shopping,
          minivault_7, uniq_pikel
D:10:     layout_loops_corners, minmay_strange_pillars, kennysheep_potato
D:11:     lemuel_ice_statue, layout_basic, orc_0_dummy
D:12:     layout_basic, nicolae_splish_splash
D:13:     layout_cave_pools, serial_shops, nicolae_shop_advertising_works
          [nicolae_subvault_shop_adworks]
D:14:     layout_gridville, david_vaults_1,
          nicolae_gozag_cash_rules_everything_around_me, tgw_trog
D:15:     hangedman_depths_entry_civil_slaughter, layout_basic,
          amcnicky_mini_pool_small
Lair:1:   layout_cave_pods, grunt_megastairs_3
Lair:2:   layout_roguey, spider_nest_entry_rubble
Lair:3:   minmay_guarded_unrand_snakebite, layout_cave_pods, swamp_mist
Lair:4:   layout_roguey, slime_entry_1, minivault_23, lemuel_fruit_fields
Lair:5:   evilmike_catoblepas_cave, layout_regular_city
Swamp:1:  layout_basic_swamp, evilmike_swamp_ruin_rubble_2,
          infiniplex_staircase_pool
Swamp:2:  layout_basic_swamp, evilmike_swamp_ruin_house_6,
          infiniplex_staircase_pool_2
Swamp:3:  layout_falls_marsh, evilmike_swamp_ruin_wall, swamp_pool1,
          nicolae_swamp_treefoil, uniq_nikola
Swamp:4:  swamp_alternative, layout_basic_swamp
Slime:1:  layout_caves
Abyss:3:  base: Vaults:2, hangedman_abyss_lost_library,
          hangedman_abyss_rune_flesh_and_stone,
          hangedman_abyss_rune_flesh_and_stone

Skill      XL: |  1  2  3  4  5  6  7  8  9 10 11 12 13 14 15 16 17 |
---------------+----------------------------------------------------+-----
Spellcasting   | 3 4 5 6 8 9 10 11 13 15 17 18 19 | 19.5
Stealth        | 2 3 4 5 6 7 |  7.3
Armour         | 4 5 |  5.7
Polearms       | 3 4 |  4.7
Fighting       | 3 5 6 |  6.6
Dodging        | 4 6 7 8 9 |  9.0
Shields        | 4 5 6 7 |  7.6
Invocations    | 3 4 5 |  5.4
Unarmed Combat | |  0.2
Evocations     | |  0.7

Action                   |  1- 3 |  4- 6 |  7- 9 | 10-12 | 13-15 | 16-18 || total
-------------------------+-------+-------+-------+-------+-------+-------++-------
Melee: Trident           |       |       |    10 |     8 |    16 |   148 ||   182
       Punch             |       |       |     1 |       |       |       ||     1
       Unarmed           |       |       |       |       |       |     3 ||     3
 Cast: Foxfire           |    83 |   170 |    76 |   144 |   359 |   282 ||  1114
       Scorch            |       |    10 |    21 |    10 |   106 |    86 ||   233
       Stone Arrow       |       |       |     8 |    13 |    51 |    56 ||   128
       Inner Flame       |       |       |    23 |    43 |   115 |   126 ||   307
       Call Imp          |       |       |     2 |     5 |    24 |    67 ||    98
       Apportation       |       |       |     2 |       |       |       ||     2
       Portal Projectile |       |       |       |     2 |     1 |     9 ||    12
       Irradiate         |       |       |       |     7 |    79 |   104 ||   190
       Conjure Flame     |       |       |       |     1 |     9 |     2 ||    12
       Conjure Ball Ligh |       |       |       |       |     5 |       ||     5
       Agony             |       |       |       |       |       |     3 ||     3
       Dragon Form       |       |       |       |       |       |     1 ||     1
Invok: Wall of Briars    |       |       |       |     2 |     8 |     6 ||    16
       Grow Ballistomyce |       |       |       |       |     1 |       ||     1
Evoke: Wand              |       |       |       |       |       |     8 ||     8
  Use: Scroll            |       |       |     8 |     1 |     9 |    11 ||    29
       Potion            |       |       |       |     4 |     7 |    17 ||    28
 Stab: Sleeping          |       |       |       |     1 |     2 |     9 ||    12
       Distracted        |       |       |       |       |       |     3 ||     3
Armor: Robe              |     1 |     1 |       |     3 |    23 |    42 ||    70
       Leather armour    |       |       |     3 |     1 |       |       ||     4
       Skin              |       |       |       |       |       |    18 ||    18
Dodge: Dodged            |     5 |     8 |     6 |    23 |    70 |   302 ||   414
Block: Kite shield       |       |       |       |    21 |    53 |       ||    74
       Buckler           |       |       |       |       |     8 |   191 ||   199
       Reflection        |       |       |       |       |       |    23 ||    23
